 Dungeon Crawl Stone Soup version 0.27-a0-686-gaed091b46b (webtiles) character file.

Game seed: 12503909880830505918

192 jasper the Sneak (level 5, 0/42 HPs)
             Began as a Demonspawn Delver on Mar 21, 2021.
             Slain by a gnoll shaman
             ... wielding a +0 whip
              (3 damage)
             ... on level 5 of the Dungeon.
             The game lasted 00:01:11 (150 turns).

jasper the Sneak (Demonspawn Delver)                 Turns: 150, Time: 00:01:11

Health: 0/42       AC:  6    Str: 13    XL:     5   Next: 42%
Magic:  5/5        EV: 12    Int: 12    God:
Gold:   0          SH:  0    Dex: 14    Spells: 4/4 levels left

rFire    . . .     SeeInvis .   h - +2 flail (protect)
rCold    . . .     Faith    .   (no shield)
rNeg     . . .     Spirit   .   b - +0 leather armour
rPois    .         Reflect  .   (helmet restricted)
rElec    .         Harm     .   (no cloak)
rCorr    .         Rampage  .   (no gloves)
Will     .....                  (no boots)
Stlth    ++........             (no amulet)
HPRegen  0.14/turn              (no ring)
MPRegen  0.18/turn              (no ring)

@: lethally poisoned (0 -> -6)
A: antennae 1, yellow scales 2, magic regeneration
a: no special abilities


You were on level 5 of the Dungeon.
You visited 1 branch of the dungeon, and saw 2 of its levels.

Inventory:

Hand Weapons
 a - a +0 hand axe
 h - a +2 flail of protection (weapon)
Armour
 b - a +0 leather armour (worn)
Wands
 g - a wand of digging (2)
Scrolls
 c - a scroll of fog
 d - a scroll of magic mapping


   Skills:
 + Level 3.8 Fighting
 * Level 3.5 Axes
 + Level 1.9 Armour
 + Level 2.8 Dodging
 - Level 4.5 Stealth


You had 4 spell levels left.
You didn't know any spells.
Your spell library contained the following spells:

 Spells                   Type           Power      Damage    Failure   Level
 Sting                    Tmut/Pois      0%         1d3       38%         1
 Poisonous Vapours        Pois/Air       0%         N/A       54%         2
 Ignite Poison            Fire/Tmut/Pois 0%         N/A       77%         3
 Mephitic Cloud           Conj/Pois/Air  0%         N/A       77%         3
 Olgreb's Toxic Radiance  Pois           0%         N/A       99%         4


Dungeon Overview and Level Annotations

Branches:
Dungeon (6/15)
 Temple: D:4-7

Altars:
Vehumet

Annotations:
D:5 Grinder


Innate Abilities, Weirdness & Mutations

You have a pair of small antennae on your head.
You are mostly covered in yellow scales. (AC +3)
You regenerate magic rapidly.


Message History

You feel sick. The jackal closely misses you.
You take 1 damage, and have 8/42 hp.
You sock the jackal!
You kill the jackal!
An orc wizard comes into view. It is wielding a +0 dagger.
You aren't carrying any potions.
Okay, then.
Okay, then.
There are no items here.
Unknown command.
Aiming: Dig
Press: ? - help, Shift-Dir - straight line A rock wall.
The rock shatters into small pieces.
The jackal barks!
A gnoll and a gnoll shaman come into view.
You feel sick.
You hear a bark!
The gnoll shouts!
You hear a shout! x2
You hear an angry hiss.
Found a scimitar.
An adder, a worker ant, a gnoll and a centaur come into view.
The gnoll shaman shouts!
A gnoll comes into view. It is wielding a +2 halberd of flaming.
Found a scroll labelled NYENTI XUMUO.
The worker ant bites you.
* * * LOW HITPOINT WARNING * * *
You are lethally poisoned!
The worker ant poisons you!
You take 3 damage, and have 5/42 hp.
* * * LOW HITPOINT WARNING * * *
You feel sick.
The orc wizard casts a spell at itself.
The orc wizard flickers and vanishes!
Deactivating autopickup; reactivate with Ctrl-A.
The gnoll closely misses you.
You take 1 damage, and have 4/42 hp.
* * * LOW HITPOINT WARNING * * *
You feel sick.
The gnoll shaman hits you with a +0 whip.
You die...

...... ..
g......... ..#
##........#
...##g...#..?.#
.....)......#
...........#
###gg..S...
#.@.gc..#
#.#.#.#####
####B.{h†.# #####
######.####.#
.....# ##.........#
......##KK##h######
# .KK....'h.K.K# .
..!....'.K.### #
#..?...'..h.# #


You could see a centaur, a gnoll shaman, a worker ant, 3 gnolls and an adder.

Vanquished Creatures
  2 kobold brigands (D:5)
  A bullfrog skeleton (D:5)
  2 adders (D:5)
  A leopard gecko (D:6)
  An orc (D:5)
  2 jackals (D:5)
  3 kobolds (D:5)
12 creatures vanquished.

Vanquished Creatures (others)
  9 toadstools (D:5)
9 creatures vanquished.

Grand Total: 21 creatures vanquished

Notes
Turn   | Place    | Note
-------+----------+-------------------------------------------
     0 | D:5      | jasper the Demonspawn Delver began the quest for the Orb.
     0 | D:5      | Reached XP level 1. HP: 18/18 MP: 1/1
    27 | D:5      | Gained mutation: You have a pair of small antennae on your
                  | head. [demonic ancestry]
    27 | D:5      | Reached XP level 2. HP: 23/24 MP: 2/2
    35 | D:5      | Noticed Grinder
    35 | D:5      | Noticed a necrophage
    56 | D:6      | Gained mutation: You regenerate magic rapidly. [demonic
                  | ancestry]
    56 | D:6      | Reached XP level 3. HP: 29/29 MP: 3/3
    68 | D:6      | Found a radiant altar of Vehumet.
    68 | D:6      | Noticed a water moccasin
    77 | D:5      | Noticed a kobold brigand
    77 | D:5      | Noticed a kobold brigand
   104 | D:5      | Reached skill level 1 in Armour
   115 | D:5      | Killed a kobold brigand
   116 | D:5      | Gained mutation: You are partially covered in yellow
                  | scales. (AC +2) [demonic ancestry]
   116 | D:5      | Reached XP level 4. HP: 17/35 MP: 4/4
   123 | D:5      | Killed a kobold brigand
   124 | D:5      | Gained mutation: You are mostly covered in yellow scales.
                  | (AC +3) [demonic ancestry]
   124 | D:5      | Reached XP level 5. HP: 17/42 MP: 5/5
   147 | D:5      | Noticed a centaur
   150 | D:5      | Slain by a gnoll shaman

Illustrated notes

Levels and vault maps discovered:
D:5:      cheibrodos_fertilizer, layout_loops_cross, grunt_qazlal_clouds,
          uniq_grinder, uniq_eustachio
D:6:      layout_loops_ring, vehumet_statue, gammafunk_ghost_nasty_kobolds,
          serial_shops, shop

Skill      XL: |  1  2  3 |
---------------+----------+-----
Axes           | 2 3 |  3.5
Dodging        | 2 |  2.8
Armour         | 1 |  1.9
Fighting       | |  3.8
Stealth        | |  4.5

Action                   |  1- 3 |  4- 6 || total
-------------------------+-------+-------++-------
Melee: Flail             |    29 |    28 ||    57
Evoke: Wand              |       |     1 ||     1
  Use: Scroll            |     1 |       ||     1
       Potion            |     1 |       ||     1
 Stab: Sleeping          |     1 |       ||     1
Armor: Leather armour    |    13 |     8 ||    21
Dodge: Dodged            |    31 |    12 ||    43

Table legend: (Time is in decaauts)
 A = Elapsed time spent in this place.
 B = Non-inter-level travel time spent in this place.
 C = Inter-level travel time spent in this place.
 D = Time resting spent in this place.
 E = Time spent auto-exploring this place.
 F = Levels seen in this place.
 G = Mean time per level.
                   A        B        C        D        E       F      G
               +--------+--------+--------+--------+--------+-----+--------+
         Total |    151 |    151 |      0 |      0 |     20 |   2 |   75.5 |
       Dungeon |    151 |    151 |      0 |      0 |     20 |   2 |   75.5 |
               +--------+--------+--------+--------+--------+-----+--------+

Top non-repeatable levels by time:
     D:5: 127 daAuts
     D:6: 23 daAuts
